 Dungeon Crawl Stone Soup version 0.17-a0-2220-g6fea741 (webtiles) character file.

66 Raultor the Insei (level 4, -4/42 HPs)
             Began as a Naga Monk on Oct 28, 2015.
             Slain by Natasha (6 damage)
             ... on level 2 of the Dungeon.
             The game lasted 00:08:20 (1601 turns).

Raultor the Insei (Naga Monk)                       Turns: 1601, Time: 00:08:24

Health: -4/42      AC:  2    Str: 14    XL:     4   Next: 15%
Magic:  4/4        EV: 11    Int: 10    God:
Gold:   48         SH:  0    Dex: 14    Spells: 0 memorised, 3 levels left

rFire  . . .     SeeInvis +       - Unarmed
rCold  . . .     Clarity  .     a - +0 robe
rNeg   . . .     SustAt   .     (no shield)
rPois  +         Gourm    .     (no helmet)
rElec  .         Spirit   .     (no cloak)
rCorr  .         Warding  .     (no gloves)
rMut   .         Stasis   .     (no barding)
MR     .....                    (no amulet)
Stlth  ++........               (no ring)
                                (no ring)

@: slowed, very slow, not resistant to hostile enchantments, unstealthy
A: see invisible, deformed body, poison resistance, slowness 2, slow metabolism
1, spit poison 2, AC +1
a: Spit Poison


You were on level 2 of the Dungeon.
You were hungry.

You visited 1 branch of the dungeon, and saw 2 of its levels.

You collected 48 gold pieces.

Inventory:

Hand Weapons
 c - a +2 dagger of electrocution
Missiles
 e - a throwing net (quivered)
Armour
 a - a +0 robe (worn)
Scrolls
 i - a scroll of teleportation {unknown}
 k - a scroll of random uselessness {unknown}
 l - 2 scrolls of identify {unknown}
Potions
 d - a potion of curing {unknown}
 j - 3 potions of heal wounds {unknown}
 m - a potion of poison {unknown}
 n - 2 potions of might {unknown}
 o - a potion of invisibility {unknown}
Comestibles
 b - 3 bread rations
 f - 3 fruits
 g - a meat ration
 h - 2 chunks of flesh


   Skills:
 + Level 3.4 Fighting
 + Level 2.9 Dodging
 - Level 3.0 Stealth
 * Level 4.8 Unarmed Combat


You had 3 spell levels left.
You didn't know any spells.

Dungeon Overview and Level Annotations

Branches:
Dungeon (2/15)

Altars:

Annotations:
D:2 Natasha


Innate Abilities, Weirdness & Mutations

You cannot wear boots.
Your serpentine skin is tough (AC +1).
You have supernaturally acute eyesight.
Armour fits poorly on your strangely shaped body.
Your system is resistant to poisons.
You cover ground very slowly.
You have a slow metabolism.
You can spit poison.


Message History

You miss Natasha.
Natasha is severely wounded.
Natasha completely misses you.
You hit Natasha but do no damage.
Natasha is severely wounded.
Natasha claws you but does no damage. Natasha completely misses you.
You hit Natasha but do no damage.
Natasha is severely wounded.
Natasha howls an incantation.
Natasha glows brightly for a moment.
Natasha claws you.
* * * LOW HITPOINT WARNING * * *
You hit Natasha.
Natasha is almost dead.
Natasha howls an incantation.
Natasha glows brightly for a moment.
Natasha claws you!
* * * LOW HITPOINT WARNING * * *
Natasha claws you.
You die...

#.#####.#.#.# #.#
#
........#.#.####..
.
#.#..............#
# #####.#.######
#.#####.#.##
#..........#
##.##.####.# #.#
#.# #@# #.# #h#
#.# #.# #.# #.#
#.# #.# #.. #..
###


You could see Natasha.

Vanquished Creatures
  An adder (D:2)
  An ooze (D:2)
  A worm (D:2)
  4 giant geckos (D:2)
  2 ball pythons
  2 giant cockroaches (D:2)
  7 hobgoblins
  3 jackals (D:2)
  6 kobolds
  6 bats
  A giant newt (D:2)
  4 goblins
  5 rats
43 creatures vanquished.

Notes
Turn   | Place    | Note
--------------------------------------------------------------
     0 | D:1      | Raultor the Naga Monk began the quest for the Orb.
     0 | D:1      | Reached XP level 1. HP: 21/21 MP: 1/1
   227 | D:1      | Reached XP level 2. HP: 28/28 MP: 2/2
   912 | D:1      | Reached XP level 3. HP: 30/34 MP: 3/3
  1247 | D:2      | Reached XP level 4. HP: 25/42 MP: 4/4
  1564 | D:2      | Noticed Natasha
  1601 | D:2      | HP: 2/42 [Natasha (7)]
  1601 | D:2      | Slain by Natasha

Vault maps used:
D:1:      roderic_crossed_star, minivault_4
D:2:      minmay_misc_feat_cross, uniq_sigmund, uniq_natasha,
          uniq_crazy_yiuf_cottage, uniq_terence

Action                   |  1- 3 |  4- 6 || total
-------------------------+-------+-------++-------
Melee: Dagger            |    89 |       ||    89
       Unarmed           |    16 |    55 ||    71
Throw: Throwing net      |     2 |       ||     2
 Abil: Spit Poison       |     4 |     1 ||     5
 Stab: Sleeping          |     3 |       ||     3
  Eat: Chunk             |       |     1 ||     1
